 Dungeon Crawl Stone Soup version 0.29.1-15-g9cfb28693d (webtiles) character file.

Game seed: 10504156544837546476

127 112233 the Magician (level 4, -2/21 HPs)
             Began as a Spriggan Air Elementalist on Feb 23, 2023.
             Slain by a black bear (6 damage)
             ... on level 5 of the Dungeon.
             The game lasted 00:02:31 (3409 turns).

112233 the Magician (Spriggan Air Elementalist)     Turns: 3409, Time: 00:02:32

Health: -2/21      AC:  2    Str: 10    XL:     4   Next: 85%
Magic:  14/21      EV: 18    Int: 18    God:
Gold:   214        SH:  0    Dex: 15    Spells: 7/14 levels left

rFire   + + .      SeeInvis +   n - +6 spear "Gaceur" {vorpal, rF++ rC- Will+++ MP+9}
rCold   x . .      Faith    .   (no shield)
rNeg    . . .      Spirit   .   a - +0 robe
rPois   .          Reflect  .   (helmet restricted)
rElec   .          Harm     .   (no cloak)
rCorr   .          Rampage  .   (gloves unavailable)
Will    +++..                   (boots unavailable)
Stlth   ++........              d - amulet of regeneration
HPRegen 0.87/turn               m - +6 ring of strength
MPRegen 0.17/turn               (no ring)

@: very quick
A: very small, no large weapons, unfitting armour, see invisible, speed 3
a: no special abilities


You were on level 5 of the Dungeon.
You visited 1 branch of the dungeon, and saw 5 of its levels.

You collected 214 gold pieces.

Inventory:

Hand Weapons
 n - the +6 spear "Gaceur" (weapon) {vorpal, rF++ rC- Will+++ MP+9}
   (You found it on level 2 of the Dungeon)

   It inflicts extra damage upon your enemies.
   rF:        It greatly protects you from fire.
   rC:        It makes you vulnerable to cold.
   MP:        It affects your magic capacity (+9).
   Will:      It greatly increases your willpower.
Armour
 a - a +0 robe (worn)
Magical Staves
 f - a staff of cold
Jewellery
 d - an amulet of regeneration (around neck)
 m - a +6 ring of strength (left hand)
Scrolls
 c - 2 scrolls of summoning {unknown}
 i - 3 scrolls of identify {unknown}
 k - 2 scrolls of enchant armour {unknown}
 o - a scroll of teleportation {unknown}
Potions
 b - a potion of magic
 e - a potion of invisibility {unknown}
 g - a potion of haste {unknown}
 h - a potion of heal wounds {unknown}
 j - a potion of attraction {unknown}
 l - 3 potions of mutation {unknown}
 p - 2 potions of curing {unknown}


   Skills:
 + Level 0.2 Fighting
 + Level 3.5 Dodging
 - Level 3.0 Stealth
 + Level 5.7 Spellcasting
 - Level 0.6 Conjurations
 + Level 2.8 Air Magic


You had 7 spell levels left.
You knew the following spells:

 Your Spells              Type           Power      Damage    Failure   Level
a - Shock                 Conj/Air       44%        1d5       6%          1
b - Static Discharge      Conj/Air       11%        3-5/arc   10%         2
c - Airstrike             Air            7%         2d(2-18)  36%         4

Your spell library contained the following spells:

 Spells                   Type           Power      Damage    Failure   Level
 Summon Small Mammal      Summ           20%        N/A       12%         1
 Swiftness                Air            15%        N/A       12%         3
 Call Canine Familiar     Summ           5%         N/A       36%         3
 Summon Guardian Golem    Hex/Summ       5%         N/A       36%         3


Dungeon Overview and Level Annotations

Branches:
Dungeon (5/15)
 Temple: D:4-7

Altars:
Elyvilon
Hepliaklqana
Ru

Annotations:
D:3 3 runed translucent doors, exclusion: 2 downstairs, Kangrisorn's ghost, amateur MiFi
D:4 Edmund; Robin
D:5 exclusion: upstairs


Innate Abilities, Weirdness & Mutations

You are very small and have problems with some larger weapons.
You are too small for most types of armour.
You have supernaturally acute eyesight. (SInv)
You cover ground extremely quickly. (Speed+++)


Message History

Casting: Shock (safe; 6% risk of failure)
Confirm with . or Enter, or press ? or * to list all spells.
Aiming: Shock (safe; 6% risk of failure)
Press: ? - help, Shift-Dir - straight line, p - black bear The zap hits the black bear.
The black bear is lightly wounded.
The zap hits the black bear.
The black bear is moderately wounded.
Unknown command.
Casting: Shock (safe; 6% risk of failure)
Confirm with . or Enter, or press ? or * to list all spells.
Aiming: Shock (safe; 6% risk of failure)
Press: ? - help, Shift-Dir - straight line The zap hits the black bear.
The black bear is heavily wounded.
The zap misses the black bear.
Casting: Shock (safe; 6% risk of failure)
Confirm with . or Enter, or press ? or * to list all spells.
The black bear is struck by an arc of lightning.
The black bear is severely wounded.
You are struck by an arc of lightning.
The black bear is struck by an arc of lightning.
The black bear is almost dead.
The lightning grounds out.
The black bear goes berserk!
The black bear bites you! The black bear closely misses you.
The black bear claws you.
Unknown command.
Casting: Static Discharge (safe; 10% risk of failure)
Confirm with . or Enter, or press ? or * to list all spells.
The black bear is struck by an arc of lightning.
The black bear is almost dead.
You are struck by an arc of lightning.
The black bear is struck by an arc of lightning.
The black bear is almost dead.
You are struck by an arc of lightning.
* * * LOW HITPOINT WARNING * * *
The lightning grounds out.
The black bear misses you. The black bear claws you.
* * * LOW HITPOINT WARNING * * *
The black bear claws you.
You die...

#......#
#.####.#########
#.........# #.#######.#
#.##.##### #.#
#....h...# #.#
####.###.# #.#
....###h###.# ##+##
###....@....# ##...##
#####.##### ##.....##
###.# #.......## ##.#.#
.........####....####
.........'.............
.........####...##.####
#.......## ##.## ...
##.....## ### ##.#


You could see a black bear (berserk).

Vanquished Creatures
  An iguana (D:5)
  2 adders
  A shadow imp (D:5)
  A white imp (D:3)
  4 dart slugs
  2 orcs
  6 ball pythons
  2 endoplasms
  4 giant cockroaches
  4 goblins
  4 hobgoblins
  3 jackals (D:1)
  4 kobolds
  A quokka (D:1)
  5 bats
  2 frilled lizards (D:3)
  16 rats
62 creatures vanquished.

Notes
Turn   | Place    | Note
-------+----------+-------------------------------------------
     0 | D:1      | 112233 the Spriggan Air Elementalist began the quest for
                  | the Orb.
     0 | D:1      | Reached XP level 1. HP: 9/9 MP: 5/5
    72 | D:1      | Reached skill level 3 in Spellcasting
   495 | D:1      | Reached XP level 2. HP: 13/13 MP: 5/7
   674 | D:1      | Reached skill level 4 in Spellcasting
  1140 | D:1      | Reached XP level 3. HP: 16/16 MP: 7/9
  1293 | D:1      | Learned a level 2 spell: Static Discharge
  1635 | D:2      | Identified the +6 spear "Gaceur" {vorpal, rF++ rC- Will+++
                  | MP+9}
  1711 | D:2      | Reached skill level 5 in Spellcasting
  1816 | D:2      | Found a faded altar of an unknown god.
  2109 | D:3      | Found a hazy altar of Hepliaklqana.
  2245 | D:3      | Found a runed translucent gate.
  2245 | D:3      | Found a runed translucent gate.
  2249 | D:3      | Found a runed translucent gate.
  2249 | D:3      | Noticed Kangrisorn's ghost (amateur MiFi)
  2252 | D:3      | Identified the +4 hand axe of Watchfulness {vamp, rElec}
  2252 | D:3      | Identified the +3 ring mail of the Tundras {*Corrode Dex+6
                  | SInv}
  2281 | D:3      | Reached XP level 4. HP: 21/21 MP: 3/12
  2589 | D:3      | Found a white marble altar of Elyvilon.
  2625 | D:3      | Found a sacrificial altar of Ru.
  3062 | D:4      | Noticed Robin
  3100 | D:4      | Noticed Edmund
  3251 | D:5      | Entered Level 5 of the Dungeon
  3271 | D:5      | Learned a level 4 spell: Airstrike
  3396 | D:5      | Noticed a black bear
  3409 | D:5      | Slain by a black bear

Illustrated notes

Levels and vault maps discovered:
D:1:      minmay_arrival_loop, layout_basic
D:2:      layout_rooms, ebering_ecumenical_altar_box
D:3:      layout_basic, mainiacjoe_overflow_six_doors_small,
          mainiacjoe_overflow_concentric_impassable,
          mainiacjoe_overflow_24_doors, biasface_ghost_orc_armoury
D:4:      layout_cave_pools, nzn_overflow_gifts_of_might_and_magic,
          minmay_temple_entry_junction_2, uniq_menkaure, uniq_edmund, uniq_robin
D:5:      layout_loops_corners, lemuel_tele_altar,
          mainiacjoe_overflow_small_starburst, gammafunk_ghost_mausoleum,
          uniq_sigmund

Skill      XL: |  1  2  3  4 |
---------------+-------------+-----
Spellcasting   | 3 4 5 |  5.7
Dodging        | 3 |  3.5
Fighting       | |  0.2
Stealth        | |  3.0
Conjurations   | |  0.6
Air Magic      | |  2.8

Action                   |  1- 3 |  4- 6 || total
-------------------------+-------+-------++-------
 Cast: Shock             |   105 |    35 ||   140
       Static Discharge  |     2 |     6 ||     8
Dodge: Dodged            |    15 |    11 ||    26
